 Seeded DCSS version 0.28-a0-726-g4a9143789a (webtiles) character file.

Game seed: 7516650237348835793 (custom seed)

3 flotson the Sneak (level 1, 0/18 HPs)
             Began as a Demonspawn Delver on Oct 27, 2021.
             Constricted to death by a ball python (1 damage)
             ... on level 4 of the Dungeon.
             The game lasted 00:01:08 (109 turns).

flotson the Sneak (Demonspawn Delver)                Turns: 109, Time: 00:01:08

Health: 0/18       AC:  3    Str: 12    XL:     1   Next: 41%
Magic:  1/1        EV:  8    Int: 11    God:
Gold:   18         SH:  0    Dex: 14    Spells: 0/0 levels left

rFire   . . .      SeeInvis .   a - +0 short sword
rCold   . . .      Faith    .   (no shield)
rNeg    . . .      Spirit   .   b - +0 leather armour
rPois   .          Reflect  .   (no helmet)
rElec   .          Harm     .   (no cloak)
rCorr   .          Rampage  .   (no gloves)
Will    .....                   (no boots)
Stlth   ++........              (no amulet)
HPRegen 0.06/turn               (no ring)
MPRegen 0.07/turn               (no ring)

@: hasted, constricted, very quick
A: no striking features
a: no special abilities


You were on level 4 of the Dungeon.
You visited 1 branch of the dungeon, and saw 2 of its levels.

You collected 18 gold pieces.

Inventory:

Hand Weapons
 a - a +0 short sword (weapon)
Missiles
 h - 7 poisoned darts (quivered)
Armour
 b - a +0 leather armour (worn)
Wands
 g - a wand of digging (3)
Potions
 i - a potion of mutation {unknown}


   Skills:
 + Level 3.0 Fighting
 - Level 1.7(1.8) Short Blades
 + Level 0.1(1.0) Long Blades
 + Level 0.1 Throwing
 + Level 0.1 Armour
 + Level 1.8 Dodging
 - Level 4.5 Stealth


You couldn't memorise any spells.
You didn't know any spells.
Your spell library was empty.

Dungeon Overview and Level Annotations

Branches:
Dungeon (5/15)
 Temple: D:4-7

Altars:

Annotations:
D:4 Natasha


Message History

A ball python comes into view.
Natasha howls an incantation.
You feel disoriented.
Natasha stares at you and mumbles some strange words.
The magic dart hits you!
Ouch! That really hurt!
* * * LOW HITPOINT WARNING * * *
A ball python comes into view.
The ball python moves out of view.
Okay, then.
What are your orders? t - Shout!
Orders for allies: a - Attack new target. r - Retreat! s - Stop attacking. g - Guard the area. f - Follow me.
Anything else - Cancel.
Retreat in which direction?
Press: ? - help, Dir - move target, f - you
Okay, then.
Unknown command.
As you read the scroll of fog, it crumbles to dust.
The scroll dissolves into smoke.
A ball python comes into view.
The ball python bites you but does no damage.
The ball python grabs you. The ball python constricts you.
* * * LOW HITPOINT WARNING * * *
The ball python's grasp on you weakens, but your attempt to escape fails.
The ball python bites you but does no damage.
The ball python constricts you.
You escape the ball python's grasp.
The ball python bites you but does no damage.
The ball python closely misses you.
Found a stone staircase leading up.
The ball python bites you.
* * * LOW HITPOINT WARNING * * *
The ball python grabs you. The ball python constricts you.
You escape the ball python's grasp.
You feel yourself speed up.
The ball python bites you but does no damage.
The ball python grabs you. The ball python constricts you.
You die...

,*****,,,,,,,***,,,,,.......#####
,* *,,,,,...,,,,*****#.....# ##
** **,,,,..S..,,** #.....####.
****,,**,......** ##.........
,,*,,****#....S§** ##........##
,,,,** *#....§.**###..h.....##
***,** ###..#§§§##§§§....5..#
*,,****#.....§§h§§§§........#*
**,,,,,.<....§@S§§§§§........#*
***,,,,,###...###§...J.........#
**,,,,**** #.#** ##..............
,,,,,,* **#,* #.........#####
,****,****,,,* #..........****
****,,,,,,,,,* ##.........,,,,
***,,,,,****,** *...S...,,,,,,
,*,,***,* **,** **......,,,*,,,
,,,** *,** *,,****,,,,,,,******,


You could see Natasha and a ball python.

Vanquished Creatures
  An adder skeleton (D:4)
1 creature vanquished.

Notes
Turn   | Place    | Note
-------+----------+-------------------------------------------
     0 | D:5      | flotson the Demonspawn Delver began the quest for the Orb.
     0 | D:5      | Reached XP level 1. HP: 18/18 MP: 1/1
     5 | D:5      | Noticed an ogre
    69 | D:5      | Noticed a hound
    85 | D:4      | Noticed Natasha
    87 | D:4      | Noticed an iron imp
   109 | D:4      | Constricted to death by a ball python

Illustrated notes

Levels and vault maps discovered:
D:4:      layout_layer_cave, uniq_natasha, uniq_menkaure
D:5:      layout_loops_ring, minmay_temple_entry_butterflies

Action                   || total
-------------------------++-------
Melee: Short sword       ||     6
  Use: Scroll            ||     3
       Potion            ||     1
 Stab: Sleeping          ||     1
Armor: Leather armour    ||     5
Dodge: Dodged            ||     4

Table legend: (Time is in decaauts)
 A = Elapsed time spent in this place.
 B = Non-inter-level travel time spent in this place.
 C = Inter-level travel time spent in this place.
 D = Time resting spent in this place.
 E = Time spent auto-exploring this place.
 F = Levels seen in this place.
 G = Mean time per level.
                   A        B        C        D        E       F      G
               +--------+--------+--------+--------+--------+-----+--------+
         Total |    109 |    109 |      0 |      0 |     18 |   2 |   54.5 |
       Dungeon |    109 |    109 |      0 |      0 |     18 |   2 |   54.5 |
               +--------+--------+--------+--------+--------+-----+--------+

Top non-repeatable levels by time:
     D:5: 74 daAuts
     D:4: 35 daAuts
